 Dungeon Crawl Stone Soup version 0.28.0-1-gb440e238dd (webtiles) character file.

Game seed: 8708599639082184627

288 Ablot the Grasshopper (level 6, 0/50 HPs)
             Began as a Gnoll Warper on Feb 19, 2022.
             Slain by an ogre (13 damage)
             ... on level 4 of the Dungeon.
             The game lasted 00:09:54 (4509 turns).

Ablot the Grasshopper (Gnoll Warper)                Turns: 4509, Time: 00:09:55

Health: 0/50       AC: 13    Str: 14    XL:     6   Next: 31%
Magic:  14/14      EV: 12    Int: 13    God:
Gold:   118        SH:  0    Dex: 11    Spells: 13/15 levels left

rFire   . . .      SeeInvis .   a - +0 spear
rCold   . . .      Faith    .   (no shield)
rNeg    . . .      Spirit   .   h - +7 ring mail of Vlad {Fly Str+2 Stlth+}
rPois   .          Reflect  .   (no helmet)
rElec   .          Harm     .   (no cloak)
rCorr   .          Rampage  .   (no gloves)
Will    .....                   n - +0 pair of boots
Stlth   ++........              (no amulet)
HPRegen 0.16/turn               (no ring)
MPRegen 0.14/turn               (no ring)

@: flying
A: fangs 1, strong nose, distributed training
a: no special abilities


You were on level 4 of the Dungeon.
You visited 1 branch of the dungeon, and saw 4 of its levels.

You collected 160 gold pieces.
You spent 42 gold pieces at shops.

Inventory:

Hand Weapons
 a - a +0 spear (weapon)
Missiles
 b - 20 bolts
 d - 4 boomerangs of dispersal (quivered)
 e - 43 stones
 m - 79 arrows
 o - a throwing net
 u - 2 silver boomerangs
Armour
 h - the +7 ring mail of Vlad (worn) {Fly Str+2 Stlth+}
   (You found it on level 2 of the Dungeon)

   Str:       It affects your strength (+2).
   Fly:       It grants you flight.
   Stlth:     It makes you more stealthy.
 n - a +0 pair of boots (worn)
Magical Staves
 w - a staff of fire
Wands
 t - a wand of mindburst (12)
Scrolls
 c - a scroll of blinking
 f - a scroll of enchant weapon {unknown}
 j - 2 scrolls of teleportation {unknown}
 l - 2 scrolls of noise
 p - 2 scrolls of amnesia {unknown}
 r - a scroll of immolation {unknown}
Potions
 g - a potion of curing {unknown}
 i - 2 potions of invisibility
 k - a potion of mutation {unknown}
 q - 2 potions of berserk rage
 s - a potion of resistance {unknown}
 v - a potion of might
 x - a potion of heal wounds {unknown}


   Skills:
 + Level 4.9 Fighting
 + Level 1.9 Short Blades
 + Level 1.9 Long Blades
 + Level 1.9 Axes
 + Level 1.9 Maces & Flails
 + Level 4.9 Polearms
 + Level 1.9 Staves
 + Level 1.9 Slings
 + Level 1.9 Bows
 + Level 1.9 Crossbows
 + Level 3.2 Throwing
 + Level 3.2 Armour
 + Level 4.9 Dodging
 + Level 1.9 Stealth
 + Level 1.9 Shields
 + Level 1.9 Unarmed Combat
 + Level 5.3 Spellcasting
 + Level 1.5 Conjurations
 + Level 1.5 Hexes
 + Level 1.5 Summonings
 + Level 1.5 Necromancy
 + Level 5.6 Translocations
 + Level 1.5 Transmutations
 + Level 1.5 Fire Magic
 + Level 1.5 Ice Magic
 + Level 1.5 Air Magic
 + Level 1.5 Earth Magic
 + Level 1.5 Poison Magic
 + Level 2.1 Invocations
 + Level 1.9 Evocations


You had 13 spell levels left.
You knew the following spells:

 Your Spells              Type           Power      Damage    Failure   Level
a - Blink                 Tloc           36%        N/A       5%          2

Your spell library contained the following spells:

 Spells                   Type           Power      Damage    Failure   Level
 Gell's Gravitas          Tloc           18%        N/A       11%         3
 Lesser Beckoning         Tloc           18%        N/A       11%         3
 Teleport Other           Tloc           18%        N/A       11%         3
 Magic Dart               Conj           28%        1d4       19%         1
 Searing Ray              Conj           14%        2d5       28%         2
 Iskenderun's Mystic Bla  Conj/Tloc      12%        2d5       63%         4
 Manifold Assault         Tloc           18%        N/A       67%         5
 Fulminant Prism          Conj/Hex       3%         3d6       88%         4
 Lee's Rapid Deconstruct  Erth           3%         3d6*      99%         5


Dungeon Overview and Level Annotations

Branches:
Dungeon (4/15)
 Temple: D:4-7

Altars:
Ashenzari
Dithmenos
Gozag
Yredelemnul
The Shining One
Beogh

Shops:
D:3 ?


Innate Abilities, Weirdness & Mutations

You have very sharp teeth.
Your uncanny sense of smell can sniff out nearby items.
Your experience applies equally to all skills.


Message History

The ogre hits you with a +0 giant club!
You are too injured to fight recklessly!
You are too injured to fight recklessly!
You are too injured to fight recklessly!
You are too injured to fight recklessly!
You are too injured to fight recklessly!
You are too injured to fight recklessly!
You are too injured to fight recklessly!
You are too injured to fight recklessly!
You are too injured to fight recklessly!
You are too injured to fight recklessly!
You are too injured to fight recklessly!
You are too injured to fight recklessly!
You are too injured to fight recklessly!
You hit the ogre but do no damage. Your bite misses the ogre.
The ogre is moderately wounded.
You hit the ogre.
The ogre is heavily wounded.
The ogre barely misses you.
You hit the ogre but do no damage.
The ogre is heavily wounded.
The ogre hits you with a +0 giant club!
* * * LOW HITPOINT WARNING * * *
You hit the ogre. You bite the ogre, but do no damage.
The ogre is severely wounded.
You hit the ogre but do no damage.
The ogre is severely wounded.
The ogre closely misses you.
You hit the ogre.
The ogre is severely wounded.
The ogre barely misses you.
You hit the ogre.
The ogre is almost dead.
You barely miss the ogre.
The ogre is almost dead.
The ogre completely misses you.
You hit the ogre.
The ogre is almost dead.
The ogre hits you with a +0 giant club!
You die...

###..####.........#####∆
# ##.# ###.>......# .#
#.# #..#####..... #.##
#.# #..# ##..# #..## #.#
#..# ### ##..# #.# #<.#
#...####.## #..#
..........# #.O#
[.........# #.@##
####......# ##..### #
##..#..# ##...# #..##.#
##..# #..##.# ##.#
#.###.# #.# #.# #.# #.#
.## #.# #.# . ### #.#


You could see an ogre.

Vanquished Creatures
  Pargi (D:3)
  A centaur skeleton (D:3)
  2 orc wizards (D:4)
  3 gnolls (D:2)
  3 adders
  A worm (D:2)
  3 dart slugs
  3 orcs
  3 bats (D:2)
  2 endoplasms
  10 goblins
  2 hobgoblins
  2 jackals (D:1)
  4 kobolds
  A quokka (D:3)
  5 ball pythons
  2 frilled lizards
  6 rats
54 creatures vanquished.

Vanquished Creatures (others)
  7 plants (D:2)
7 creatures vanquished.

Grand Total: 61 creatures vanquished

Notes
Turn   | Place    | Note
-------+----------+-------------------------------------------
     0 | D:1      | Ablot the Gnoll Warper began the quest for the Orb.
     0 | D:1      | Reached XP level 1. HP: 20/20 MP: 6/6
   220 | D:1      | You fall into a shaft and drop 1 floor!
   274 | D:2      | Reached XP level 2. HP: 13/26 MP: 7/7
   282 | D:2      | Learned a level 2 spell: Blink
   288 | D:2      | Identified the +7 ring mail of Vlad {Fly Str+2 Stlth+}
   445 | D:2      | Found a broken altar of Ashenzari.
   512 | D:2      | Reached skill level 5 in Spellcasting
   512 | D:2      | Reached XP level 3. HP: 25/31 MP: 7/9
   683 | D:1      | Reached skill level 1 in Invocations
  1176 | D:1      | Found a faded altar of an unknown god.
  1381 | D:2      | Reached skill level 1 in Short Blades
  1381 | D:2      | Reached skill level 1 in Long Blades
  1381 | D:2      | Reached skill level 1 in Axes
  1381 | D:2      | Reached skill level 1 in Maces & Flails
  1381 | D:2      | Reached skill level 1 in Staves
  1381 | D:2      | Reached skill level 1 in Slings
  1381 | D:2      | Reached skill level 1 in Bows
  1381 | D:2      | Reached skill level 1 in Crossbows
  1381 | D:2      | Reached skill level 1 in Stealth
  1381 | D:2      | Reached skill level 1 in Shields
  1381 | D:2      | Reached skill level 1 in Unarmed Combat
  1381 | D:2      | Reached skill level 1 in Evocations
  1421 | D:2      | Reached XP level 4. HP: 19/38 MP: 11/11
  1830 | D:3      | Noticed Pargi
  1900 | D:3      | Found an opulent altar of Gozag.
  1905 | D:3      | Reached skill level 1 in Conjurations
  1905 | D:3      | Reached skill level 1 in Hexes
  1905 | D:3      | Reached skill level 1 in Summonings
  1905 | D:3      | Reached skill level 1 in Necromancy
  1905 | D:3      | Reached skill level 1 in Transmutations
  1905 | D:3      | Reached skill level 1 in Fire Magic
  1905 | D:3      | Reached skill level 1 in Ice Magic
  1905 | D:3      | Reached skill level 1 in Air Magic
  1905 | D:3      | Reached skill level 1 in Earth Magic
  1905 | D:3      | Reached skill level 1 in Poison Magic
  2465 | D:3      | Found Egenlagos's Magic Scroll Emporium.
  2473 | D:3      | Bought a scroll of noise for 14 gold pieces
  2473 | D:3      | Bought a scroll of identify for 28 gold pieces
  2775 | D:3      | Reached XP level 5. HP: 38/43 MP: 12/12
  3086 | D:3      | Killed Pargi
  3204 | D:3      | Found a glowing golden altar of the Shining One.
  3303 | D:4      | Found a shadowy altar of Dithmenos.
  3304 | D:4      | Noticed an ogre
  3326 | D:4      | Reached XP level 6. HP: 50/50 MP: 13/13
  4432 | D:4      | Found a basalt altar of Yredelemnul.
  4509 | D:4      | Slain by an ogre

Illustrated notes

Levels and vault maps discovered:
D:1:      elethiomel_arrival_shortcut, layout_loops_corners,
          hellmonk_ecumenical_altar_defaced_shrine
D:2:      layout_rooms, basic_altar, nicolae_grassy_gnolls
D:3:      layout_basic, nicolae_tso_swordbearing_angel,
          mainiacjoe_overflow_brackets, serial_shops, shop, chequers_jeans,
          uniq_pargi
D:4:      layout_layer_cave, mainiacjoe_overflow_surrounded_room,
          grunt_dithmenos_smoke_and_mirrors

Skill      XL: |  1  2  3  4  5 |
---------------+----------------+-----
Spellcasting   | 5 |  5.3
Invocations    | 1 2 |  2.1
Short Blades   | 1 |  1.9
Long Blades    | 1 |  1.9
Axes           | 1 |  1.9
Maces & Flails | 1 |  1.9
Staves         | 1 |  1.9
Slings         | 1 |  1.9
Bows           | 1 |  1.9
Crossbows      | 1 |  1.9
Stealth        | 1 |  1.9
Shields        | 1 |  1.9
Unarmed Combat | 1 |  1.9
Evocations     | 1 |  1.9
Conjurations   | 1 |  1.5
Hexes          | 1 |  1.5
Summonings     | 1 |  1.5
Necromancy     | 1 |  1.5
Transmutations | 1 |  1.5
Fire Magic     | 1 |  1.5
Ice Magic      | 1 |  1.5
Air Magic      | 1 |  1.5
Earth Magic    | 1 |  1.5
Poison Magic   | 1 |  1.5
Throwing       | 3 |  3.2
Armour         | 3 |  3.2
Fighting       | |  4.9
Polearms       | |  4.9
Dodging        | |  4.9
Translocations | |  5.6

Action                   |  1- 3 |  4- 6 || total
-------------------------+-------+-------++-------
Melee: Spear             |   112 |   317 ||   429
       Bite              |     7 |    27 ||    34
       Punch             |     1 |     2 ||     3
Throw: Boomerang         |       |     1 ||     1
 Cast: Blink             |       |     1 ||     1
  Use: Scroll            |       |     2 ||     2
 Stab: Sleeping          |     3 |     3 ||     6
Armor: Leather armour    |     3 |       ||     3
       Ring mail         |    18 |   219 ||   237
Dodge: Dodged            |    54 |   170 ||   224
